 Dungeon Crawl Stone Soup version 0.31-a0-876-gfe8ebadbca (webtiles) character file.

Game seed: 15522016577409063696

121 MahsedPotato the Gusty (level 4, 0/49 HPs)
             Began as a Demonspawn Air Elementalist on Oct 13, 2023.
             Succumbed to a killer bee's poison
             ... on level 4 of the Dungeon.
             The game lasted 00:02:38 (3165 turns).

MahsedPotato the Gusty (DsAE)                       Turns: 3165, Time: 00:02:39

Health: 0/49       AC: 22    Str:  5 (8)  XL:     4   Next: 76%
Magic:  8/8        EV:  2    Int: 18 (19) God:
Gold:   129        SH:  0    Dex: 12 (13) Spells: 5/8 levels left

rFire   . . .        c - +0 mace
rCold   . . .        (no shield)
rNeg    . . .        a - melded +0 robe
rPois   +            (helmet currently unavailable)
rElec   .            (cloak currently unavailable)
rCorr   .            (gloves currently unavailable)
SInv    .            f - melded +0 pair of boots
Will    .....        p - amulet of magic regeneration
Stlth   ++           (no ring)
HPRegen 0.28/turn    (no ring)
MPRegen 0.51/turn

%: no passive effects
@: lethally poisoned (0 -> -12), tree-form
A: stationary, stasis, torment immunity, boosted hp, powered by pain 1,
(weakness stinger 2)
a: no special abilities


You were on level 4 of the Dungeon.
You were a tree.
You visited 1 branch of the dungeon, and saw 4 of its levels.

You collected 129 gold pieces.

Inventory:

Hand Weapons
 c - a +0 mace (weapon)
Armour
 a - a +0 robe (melded)
 f - a +0 pair of boots (melded)
Jewellery
 p - an amulet of magic regeneration (around neck)
Scrolls
 d - a scroll of silence
 e - a scroll of revelation {unknown}
 h - 2 scrolls of identify
 i - a scroll of brand weapon {unknown}
 l - a scroll of teleportation {unknown}
 m - a scroll of summoning {unknown}
 n - a scroll of fear {unknown}
 o - a scroll of immolation
Potions
 b - a potion of magic
 r - a potion of mutation {unknown}


   Skills:
 + Level 2.0 Fighting
 - Level 1.7 Dodging
 - Level 1.7 Stealth
 + Level 2.8 Spellcasting
 + Level 2.3 Conjurations
 + Level 3.4 Air Magic


You had 5 spell levels left.
You knew the following spells:

 Your Spells              Type           Power      Damage    Failure   Level
a - Shock                 Conj/Air       48%        1d6       4%          1
b - Static Discharge      Conj/Air       24%        2-3/arc   8%          2

Your spell library contained the following spells:

 Spells                   Type           Power      Damage    Failure   Level
 Swiftness                Air            14%        N/A       12%         3
 Momentum Strike          Conj/Tloc      12%        3d8       16%         2
 Blink                    Tloc           4%         N/A       26%         2
 Lesser Beckoning         Tloc           4%         N/A       26%         2
 Airstrike                Air            7%         2d(1-17)  38%         4


Dungeon Overview and Level Annotations

Branches:
Dungeon (4/15)
 Temple: D:4-7

Altars:

Annotations:
D:4 Eustachio


Innate Abilities, Weirdness & Mutations

You are a tree.
Your roots penetrate the ground, keeping you stationary.
You cannot be teleported.
You are immune to unholy pain and torment.
Your maximum health is greatly increased.
Your equipment is partially melded.
You sometimes gain a little power by taking damage.
((You have a tail ending in a sharp stinger.))


Message History

The killer bee stings you but does no damage.
The killer bee barely misses you.
As you read the scroll labelled ORPHI KYN GUEK, it crumbles to dust.
The creatures around you are filled with an inner flame!
It was a scroll of immolation.
The killer bee barely misses you. The killer bee misses you.
The killer bee closely misses you. x2
The killer bee stings you. The killer bee misses you.
Okay, then.
As you read the scroll labelled ELOXTE XAAWUEMIA, it crumbles to dust.
It is a scroll of identify.
d - a scroll of silence The killer bee stings you but does no damage.
The killer bee closely misses you. The killer bee stings you!
You are poisoned.
The killer bee poisons you! The killer bee closely misses you. x2
The killer bee stings you but does no damage.
The air fills with toxic fumes!
As you read the scroll labelled EVVECUEFFIHAE, it crumbles to dust.
It was a scroll of poison.
* * * LOW HITPOINT WARNING * * *
You feel very sick. The killer bee barely misses you.
The killer bee misses you. x2
The killer bee barely misses you. The killer bee misses you. x2
Okay, then.
It was a potion of degeneration.
There was something very wrong with that liquid.
You feel weakened.
You feel dopey.
You feel clumsy.
* * * LOW HITPOINT WARNING * * *
You feel sick. The killer bee barely misses you. The killer bee stings you.
* * * LOW HITPOINT WARNING * * *
You are more poisoned.
The killer bee poisons you!
The killer bee stings you but does no damage. x2
The killer bee stings you.
* * * LOW HITPOINT WARNING * * *
The killer bee closely misses you.
It was a potion of lignification.
You turn into a tree.
Your +0 pair of boots melds into your body.
Your +0 robe melds into your body.
Your roots penetrate the ground.
You die...

....#
##......#....######.....
...y ##..r.§§§§§§##
##.... .y. #.y...§§§§§§#
###.. ..
..y....##§§§§§§# ##.
..y#######@§§§§# ## ###
#§§§§§## # #yr§§§§# #
#yy§§§§# ## #♣y§§§§# ##.
#§§§§§§## ##.. #§§§§§§§#
##... #§§§§§§§## ##...#
#§§§§§§§§# ##...##
#§§§§§§§§###...##
###§§§§§§§§#....##
..§§§§§§§§§.....#
............#....#


You could see Eustachio, 4 killer bees and a river rat (summoned, inner flame).

Vanquished Creatures
  An iguana (D:4)
  An adder (D:4)
  A worm (D:3)
  4 dart slugs (D:1)
  7 endoplasms
  6 giant cockroaches
  7 goblins
  2 hobgoblins
  8 jackals
  2 quokkas (D:1)
  6 ball pythons
  8 bats
  5 frilled lizards
  6 kobolds
  8 rats
72 creatures vanquished.

Notes
Turn   | Place    | Note
-------+----------+-------------------------------------------
     0 | D:1      | MahsedPotato the Demonspawn Air Elementalist began the
                  | quest for the Orb.
     0 | D:1      | Reached XP level 1. HP: 13/13 MP: 3/3
   133 | D:1      | Gained mutation: You have a small tail. [demonic ancestry]
   133 | D:1      | Reached XP level 2. HP: 11/20 MP: 5/5
   258 | D:1      | Learned a level 2 spell: Static Discharge
   375 | D:1      | Reached skill level 1 in Fighting
   402 | D:1      | Reached skill level 3 in Air Magic
   568 | D:1      | Gained mutation: You have a tail ending in a sharp stinger.
                  | [demonic ancestry]
   568 | D:1      | Reached XP level 3. HP: 15/26 MP: 6/6
  2073 | D:3      | Gained mutation: You sometimes gain a little power by
                  | taking damage. [demonic ancestry]
  2073 | D:3      | Reached XP level 4. HP: 32/32 MP: 1/7
  3145 | D:4      | Noticed Eustachio
  3165 | D:4      | Succumbed to a killer bee's poison

Illustrated notes

Levels and vault maps discovered:
D:1:      spicycebolla_arrival_ecumenical, layout_basic, grunt_decor_fettered
D:2:      layout_basic, minmay_misc_feat_diagonals
D:3:      layout_basic, portal_sewer_entry_e
D:4:      layout_layer_cave, kennysheep_generic_room_9, uniq_eustachio,
          uniq_edmund

Skill      XL: |  1  2  3  4 |
---------------+-------------+-----
Fighting       | 1 2 |  2.0
Air Magic      | 3 |  3.4
Conjurations   | 2 |  2.3
Dodging        | |  1.7
Stealth        | |  1.7
Spellcasting   | |  2.8

Action                     |  1- 3 |  4- 6 || total
---------------------------+-------+-------++-------
  Melee: Mace              |   147 |    34 ||   181
         Unarmed           |    12 |       ||    12
         Tailslap          |    10 |     1 ||    11
         Punch             |     2 |       ||     2
   Cast: Shock             |     4 |       ||     4
         Static Discharge  |    11 |    12 ||    23
    Use: Potion            |     1 |     4 ||     5
         Scroll            |       |     3 ||     3
   Stab: Sleeping          |     6 |     2 ||     8
 Armour: Robe              |   127 |    45 ||   172
  Dodge: Dodged            |   148 |    65 ||   213

Table legend: (Time is in decaauts)
 A = Elapsed time spent in this place.
 B = Non-inter-level travel time spent in this place.
 C = Inter-level travel time spent in this place.
 D = Time resting spent in this place.
 E = Time spent auto-exploring this place.
 F = Levels seen in this place.
 G = Mean time per level.
                   A        B        C        D        E       F      G
               +--------+--------+--------+--------+--------+-----+--------+
         Total |   3239 |   3154 |     85 |      0 |   2549 |   4 |  809.8 |
       Dungeon |   3239 |   3154 |     85 |      0 |   2549 |   4 |  809.8 |
               +--------+--------+--------+--------+--------+-----+--------+

Top non-repeatable levels by time:
     D:1: 1181 daAuts
     D:3: 1166 daAuts
     D:2: 622 daAuts
     D:4: 268 daAuts
